Map: Eflorescencia EE

Players

MrFercho - Winner!

  • Race: Zerg Zerg
  • League: Gold
  • Spawn Location: 9:00

TATORREA - Winner!

  • Race: Protoss Protoss
  • League: Gold
  • Spawn Location: 6:00

GamingRAPTR

  • Race: Protoss Protoss
  • League: Gold
  • Spawn Location: 12:00

yaz

  • Race: Zerg Zerg
  • League: Gold
  • Spawn Location: 3:00

VOD

Have the link to the VOD?

Description

Time

  • Played on: Aug. 6, 2020, 8:41 p.m.
  • Length: 19:15
Show
View Real Time Build Order
Export as new Build Order

MrFercho Zerg - Winner!

Build Orders: Pool First 

Get SALT Encoding   

  12  0:21  Spawning Pool  
  12  0:24  Drone  
  12  0:32  Drone  
  12  0:35  Drone  
  14  0:43  Overlord  
  14  1:10  Zergling x6  
  17  1:26  Drone  
  19  1:40  Drone  
  19  1:54  Hatchery  
  19  1:59  Drone x2  
  20  2:12  Drone  
  21  2:15  Extractor  
  21  2:18  Drone  
  21  2:26  Overlord  
  21  2:36  Drone  
  22  2:44  Queen  
  24  2:52  Drone  
  25  3:07  Zergling x4  
  27  3:16  Zergling x2  
  27  3:19  Zergling x2  
  29  3:20  Zergling x2  
  30  3:33  Zergling x4  
  32  3:35  Metabolic Boost  
  32  3:43  Queen  
  32  3:44  Overlord  
  32  3:47  Zergling x2  
  29  4:00  Zergling x2  
  29  4:01  Zergling x10  
  33  4:22  Baneling Nest  
  33  4:24  Drone x4  
  36  4:36  Drone x2  
  38  4:49  Pneumatized Carapace  
  39  4:52  Drone  
  39  4:53  Drone x4  
  43  5:09  Overlord  
  43  5:10  Overlord x2  
  43  5:27  Queen  
  45  5:28  Drone x2  
  45  5:29  Drone x3  
  50  5:35  Overlord  
  50  5:54  Drone  
  50  5:55  Drone x5  
  56  5:59  Overlord  
  56  6:03  Lair  
  56  6:06  Hatchery  
  56  6:11  Zergling x4  
  57  6:17  Zergling x6  
  60  6:30  Baneling x7  
  60  6:31  Baneling x2  
  60  6:33  Zergling x8  
  64  6:48  Zergling x12  
  64  6:54  Zergling x4  
  72  7:04  Zergling x4  
  72  7:06  Overseer  
  74  7:09  Zergling x6  
  77  7:25  Zergling x12  
  77  7:26  Centrifical Hooks  
  83  7:32  Zergling x4  
  59  7:58  Zergling x2  
  59  7:59  Zergling x16  
  59  8:04  Zergling x2  
  57  8:23  Zergling x2  
  57  8:24  Zergling x12  
  63  8:35  Zergling x12  
  69  8:41  Extractor  
  69  8:42  Queen  
  69  8:44  Drone x2  
  69  8:45  Overlord x2, Drone  
  73  9:23  Zergling x4  
  73  9:24  Zergling x20  
  69  9:30  Baneling x7  
  69  9:31  Baneling x5  
  68  9:34  Zergling x10  
  73  9:48  Zergling x8  
  73  9:49  Zergling x4  
  67  9:57  Zergling x2  
  58  10:05  Zergling x16  
  65  10:28  Zergling x12  
  68  10:40  Hydralisk Den  
  67  10:45  Evolution Chamber  
  67  10:50  Drone x3  
  67  10:51  Drone x3  
  67  10:52  Drone  
  67  10:53  Zergling x2  
  57  11:06  Zergling x20  
  66  11:20  Extractor  
  66  11:21  Extractor  
  66  11:24  Muscular Augments  
  64  11:26  Zerg Missile Weapons Level 1  
  64  11:34  Hatchery, Overseer  
  64  11:39  Zergling x12  
  73  11:40  Zergling x12  
  73  11:46  Evolution Chamber  
  74  12:05  Drone x6  
  74  12:06  Drone x7  
  87  12:09  Extractor  
  87  12:11  Extractor  
  87  12:13  Baneling  
  87  12:14  Baneling x15  
  85  12:15  Zergling x2  
  86  12:36  Grooved Spines  
  62  12:51  Overseer  
  62  12:53  Hydralisk x10  
  62  12:57  Overlord  
  62  12:58  Overlord  
  70  13:14  Hydralisk x4  
  70  13:15  Spore Crawler  
  72  13:30  Overseer  
  71  13:50  Hydralisk x7  
  85  13:57  Hatchery  
  85  14:02  Drone x6  
  90  14:06  Zerg Melee Weapons Level 1  
  90  14:08  Hatchery  
  89  14:33  Extractor  
  89  14:34  Extractor  
  89  14:37  Hydralisk  
  89  14:40  Overlord x4  
  89  14:41  Overlord x3  
  89  14:48  Zerg Missile Weapons Level 2, Spire  
  88  15:13  Lurker Den  
  87  15:15  Overseer  
  87  15:27  Drone x2  
  87  15:28  Drone x21  
  110  15:40  Overlord x2  
  110  15:42  Overlord  
  110  16:09  Zergling x6  
  110  16:10  Zergling x34  
  122  16:48  Hydralisk x20  
  129  17:05  Hydralisk  
  129  17:06  Hydralisk x4  
  119  17:20  Extractor  
  117  17:23  Extractor  
  117  17:28  Mutalisk x3  
  117  17:29  Mutalisk x2  
  126  17:32  Zergling x4  
  128  18:07  Hydralisk x11  
  128  18:08  Hydralisk x2  
Show
View Real Time Build Order
Export as new Build Order

TATORREA Protoss - Winner!

Build Orders:  

Get SALT Encoding   

  12  0:03  Probe  
  13  0:15  Probe  
  14  0:24  Pylon  
  14  0:27  Probe  
  16  0:42  Probe  
  16  0:48  Gateway  
  16  0:55  Probe  
  17  1:00  Assimilator  
  17  1:07  Probe  
  18  1:19  Probe  
  19  1:31  Probe  
  20  1:38  Pylon  
  20  1:42  Pylon  
  20  1:43  Probe  
  21  1:51  Cybernetics Core  
  21  1:55  Probe  
  21  1:59  Zealot  
  21  2:00  Assimilator  
  24  2:07  Probe  
  25  2:16  Gateway  
  25  2:19  Probe  
  26  2:25  Warp Gate (Chrono Boost)  
  26  2:29  Stalker  
  28  2:35  Probe  
  29  2:42  Robotics Facility  
  29  2:59  Stalker (Chrono Boost)  
  31  3:17  Nexus  
  31  3:24  Adept (Chrono Boost)  
  33  3:34  Immortal (Chrono Boost)  
  37  3:42  Probe  
  38  3:54  Probe  
  37  4:07  Stalker  
  39  4:28  Probe  
  39  4:29  Forge  
  40  4:32  Twilight Council, Pylon  
  40  4:35  Pylon, Probe  
  39  4:40  Probe  
  40  4:49  Protoss Ground Weapons Level 1 (Chrono Boost)  
  40  5:02  Stalker x2  
  40  5:04  Immortal (Chrono Boost)  
  48  5:12  Probe x2  
  50  5:20  Blink (Chrono Boost)  
  50  5:24  Probe x2  
  52  5:36  Probe x2, Observer  
  55  5:48  Probe  
  55  5:49  Probe  
  57  5:55  Assimilator  
  57  5:57  Immortal  
  57  5:59  Assimilator  
  57  6:00  Probe  
  57  6:01  Probe  
  63  6:04  Stalker  
  63  6:05  Stalker  
  67  6:13  Probe x2  
  69  6:25  Probe  
  70  6:36  Pylon  
  70  6:42  Pylon  
  70  6:48  Protoss Shields Level 1 (Chrono Boost)  
  70  6:49  Pylon  
  70  6:54  Probe  
  71  7:01  Zealot  
  71  7:02  Zealot  
  71  7:05  Nexus  
  71  7:08  Pylon  
  75  7:11  Pylon, Probe x2  
  75  7:14  Charge  
  77  7:18  Immortal  
  81  7:23  Probe x2  
  83  7:35  Probe x2  
  85  7:47  Probe x2  
  85  7:48  Assimilator  
  87  7:55  Assimilator  
  68  8:36  Zealot x2  
  68  8:39  Immortal  
  76  8:49  Gateway  
  76  8:51  Probe x3  
  76  8:52  Gateway  
  79  8:56  Gateway  
  79  8:59  Gateway  
  79  9:03  Probe x3  
  79  9:04  Templar Archives  
  82  9:15  Probe x3, Nexus  
  81  9:17  Pylon  
  81  9:19  Pylon  
  81  9:21  Zealot x2  
  77  9:32  Protoss Ground Weapons Level 2 (Chrono Boost)  
  77  9:37  Immortal  
  77  9:45  Robotics Bay  
  73  9:48  Forge  
  73  9:58  Stalker x3  
  73  9:59  Stalker x3  
  81  10:13  Probe  
  81  10:14  Probe x2  
  80  10:16  Immortal  
  80  10:20  Protoss Shields Level 2 (Chrono Boost)  
  84  10:25  Probe  
  84  10:26  Probe x2  
  87  10:34  Gateway  
  87  10:36  Gateway  
  87  10:44  Gateway, Probe x3  
  87  10:45  Probe  
  87  10:46  Gateway  
  87  10:49  Gateway  
  91  10:51  Assimilator  
  91  10:52  Assimilator  
  91  10:56  Gateway, Probe x2  
  87  11:01  Gateway  
  83  11:07  Stalker x2  
  83  11:08  Stalker x4  
  93  11:17  Probe x2  
  93  11:18  Probe x2  
  97  11:29  Probe  
  97  11:30  Probe x3  
  101  12:07  Nexus  
  101  12:10  Pylon  
  101  12:11  Colossus (Chrono Boost)  
  101  12:12  Pylon  
  101  12:14  Protoss Ground Weapons Level 3 (Chrono Boost)  
  107  12:23  Pylon  
  107  12:24  Psionic Storm  
  107  12:27  High Templar x4  
  107  12:28  High Templar x4  
  107  12:29  Pylon, High Templar x4  
  131  12:31  Pylon  
  131  12:32  Pylon, Archon x3  
  131  12:33  Archon x3  
  131  12:35  Pylon, Zealot  
  133  12:39  Pylon  
  125  12:48  Protoss Shields Level 3 (Chrono Boost)  
  111  12:58  Colossus  
  117  13:11  Zealot x3  
  117  13:12  Zealot x3  
  127  13:13  Zealot x2  
  127  13:14  Zealot x2  
  127  13:15  Zealot x3  
  129  13:41  Zealot  
  129  13:42  Zealot x5  
  129  13:43  Zealot x3  
  129  13:44  Zealot  
  129  13:45  Extended Thermal Lance (Chrono Boost)  
  149  13:50  Colossus  
  155  14:30  High Templar x5  
  155  14:31  High Templar x5  
  169  14:32  High Templar x3  
  169  14:35  Colossus, Archon x4  
  169  14:36  Archon x2  
  169  14:37  Gateway x2  
  181  14:40  Gateway  
  187  14:51  Assimilator  
  187  14:54  Protoss Ground Armor Level 1 (Chrono Boost), Assimilator  
  187  15:18  High Templar x2  
  187  15:19  High Templar  
  187  15:20  Zealot x3  
  199  15:22  Archon  
  199  15:28  Archon  
  199  15:29  Observer  
  158  16:07  Zealot x3  
  158  16:08  Zealot x5  
  158  16:09  Zealot x4  
  158  16:10  Zealot x4  
  180  16:16  Nexus  
  172  16:18  Pylon  
  172  16:19  Pylon  
  172  16:37  High Templar x4  
  172  16:38  High Templar x5  
  172  16:39  High Templar x4  
  188  16:40  High Templar x3  
  188  16:42  Archon x2  
  188  16:43  Archon x2  
  188  16:44  Archon x3  
  188  16:45  Archon  
  164  17:34  High Templar x4  
  164  17:35  High Templar x4  
  180  17:38  Archon  
  180  17:39  Archon x3  
  180  17:42  Zealot  
  180  17:43  Zealot x4  
  180  17:44  Zealot x3  
  196  18:12  High Templar x4  
  197  18:17  Zealot x2  
  199  18:20  Archon x2  
  189  18:56  Zealot x5  
  199  19:04  Assimilator  
  199  19:10  Assimilator  
Show
View Real Time Build Order
Export as new Build Order

GamingRAPTR Protoss 

Build Orders:  

Get SALT Encoding   

  12  0:14  Probe (Chrono Boost)  
  13  0:24  Probe (Chrono Boost)  
  13  0:25  Pylon  
  14  0:29  Probe (Chrono Boost)  
  15  0:43  Probe  
  15  0:47  Forge  
  16  0:55  Probe  
  17  1:01  Pylon  
  15  1:28  Probe (Chrono Boost)  
  16  1:38  Pylon  
  17  1:40  Probe (Chrono Boost)  
  17  1:48  Probe (Chrono Boost)  
  18  1:54  Probe  
  18  1:57  Pylon  
  19  2:03  Assimilator  
  19  2:06  Probe  
  19  2:07  Assimilator  
  19  2:08  Photon Cannon  
  20  2:11  Photon Cannon  
  20  2:21  Photon Cannon  
  20  2:25  Photon Cannon  
  20  2:34  Photon Cannon  
  20  3:10  Photon Cannon  
  20  3:12  Photon Cannon  
  20  3:14  Pylon  
  20  3:21  Probe  
  21  3:33  Probe  
  22  3:35  Gateway  
  22  3:37  Gateway  
  22  3:39  Gateway  
  22  3:45  Probe  
  23  3:57  Probe  
  24  4:08  Protoss Shields Level 1  
  24  4:25  Cybernetics Core  
  24  4:37  Pylon  
  24  4:40  Pylon  
  24  4:45  Pylon  
  24  4:49  Pylon  
  24  5:05  Shield Battery  
  24  5:07  Shield Battery  
  24  5:08  Shield Battery  
  24  5:12  Photon Cannon  
  24  5:14  Photon Cannon  
  24  5:16  Shield Battery  
  24  5:23  Pylon  
  24  5:29  Pylon  
  24  5:39  Warp Gate (Chrono Boost)  
  24  5:59  Nexus  
  24  6:06  Pylon  
  24  6:11  Pylon  
  24  6:35  Probe (Chrono Boost)  
  25  6:45  Probe (Chrono Boost)  
  26  6:49  Probe (Chrono Boost)  
  27  6:57  Photon Cannon  
  27  7:01  Probe  
  28  7:05  Photon Cannon  
  28  7:09  Photon Cannon  
  28  7:13  Probe  
  29  7:15  Photon Cannon  
  29  7:21  Probe (Chrono Boost)  
  30  7:25  Probe (Chrono Boost)  
  31  7:33  Probe (Chrono Boost)  
  31  7:34  Probe (Chrono Boost)  
  33  7:37  Probe (Chrono Boost)  
  33  7:39  Probe (Chrono Boost)  
  35  7:48  Gateway  
  35  7:54  Twilight Council  
  34  8:15  Photon Cannon  
  34  8:17  Photon Cannon  
  34  8:33  Probe x2  
  36  8:42  Assimilator  
  36  8:45  Assimilator, Probe x2  
  38  8:50  Photon Cannon  
  38  8:52  Photon Cannon  
  38  8:56  Photon Cannon  
  38  8:57  Probe x2  
  38  9:01  Photon Cannon  
  38  9:02  Charge  
  40  9:05  Shield Battery  
  40  9:08  Shield Battery  
  40  9:09  Probe  
  41  9:21  Dark Shrine  
  41  9:28  Templar Archives  
  41  9:36  Robotics Facility  
  41  9:38  Robotics Facility  
  41  10:25  Photon Cannon  
  41  10:27  Photon Cannon  
  41  10:32  Photon Cannon  
  41  10:33  Shadow Stride, Photon Cannon  
  41  10:39  Protoss Shields Level 2  
  41  10:47  Forge  
  41  10:51  Photon Cannon  
  41  10:53  Protoss Air Weapons Level 1  
  41  10:56  Photon Cannon  
  41  11:16  Robotics Bay  
  41  11:23  Dark Templar x2  
  41  11:24  Dark Templar x2  
  49  11:52  Nexus  
  49  11:55  Assimilator  
  49  11:59  Assimilator  
  49  12:00  Pylon  
  49  12:04  Pylon  
  49  12:15  Protoss Ground Weapons Level 1  
  49  12:22  Extended Thermal Lance  
  49  12:32  Stargate  
  49  12:34  Stargate  
  49  12:37  Stargate  
  49  12:38  Stargate  
  49  12:55  Probe x2  
  51  12:59  Photon Cannon  
  51  13:04  Photon Cannon  
  51  13:07  Probe  
  51  13:08  Photon Cannon, Probe  
  51  13:10  Photon Cannon  
  53  13:13  Shield Battery  
  53  13:15  Shield Battery  
  53  13:19  Shield Battery, Probe  
  54  13:20  Probe  
  54  13:22  Shield Battery  
  55  13:31  Probe  
  55  13:32  Probe  
  57  13:43  Immortal, Probe  
  57  13:44  Immortal, Probe  
  67  14:02  Pylon, Gravitic Boosters  
  67  14:06  Pylon  
  67  14:07  Shield Battery  
  67  14:09  Probe  
  68  14:10  Probe x2  
  68  14:11  Photon Cannon, Shield Battery  
  68  14:13  Photon Cannon  
  70  14:22  Probe x3, Observer  
  70  14:23  Observer  
  75  14:34  Probe x2  
  77  14:39  High Templar x2  
  77  14:41  High Templar x2  
  77  14:43  Colossus  
  77  14:44  Colossus  
  97  14:50  Archon x2  
  97  15:11  Nexus  
  97  15:13  Assimilator  
  97  15:17  Assimilator  
  97  15:23  Fleet Beacon  
  97  15:35  Phoenix x3  
  103  15:36  Phoenix  
  105  15:54  Photon Cannon  
  105  15:58  High Templar x2  
  105  15:59  High Templar x2  
  105  16:00  Photon Cannon  
  93  16:22  Archon  
  59  16:33  Dark Templar x3  
  59  16:34  Dark Templar  
  56  16:58  Phoenix x3  
  56  16:59  Phoenix  
  50  17:10  Zealot  
  50  17:11  Zealot x3  
  56  17:19  Probe x4  
  59  17:28  Pylon  
  59  17:31  Probe x4  
  59  17:33  Pylon  
  59  17:34  Pylon  
  63  17:41  High Templar x2  
  63  17:42  High Templar x2  
  63  17:43  Probe x3  
  63  17:44  Probe  
  73  17:55  Probe x2  
  73  17:56  Probe x2  
  77  17:59  Archon x2  
  75  18:07  Probe  
  75  18:08  Probe x3  
  67  18:15  Zealot  
  67  18:16  Zealot x3  
  67  18:19  Probe  
  59  18:26  Immortal  
  59  18:31  Probe  
Show
View Real Time Build Order
Export as new Build Order

yaz Zerg 

Build Orders: Hatch First, Lurkers 

Get SALT Encoding   

  12  0:06  Drone  
  13  0:10  Drone  
  14  0:18  Extractor, Drone  
  14  0:19  Extractor  
  13  0:23  Drone  
  16  0:33  Overlord  
  16  0:55  Drone  
  16  0:56  Hatchery  
  16  1:01  Drone  
  17  1:20  Spawning Pool  
  16  1:29  Extractor, Drone x3  
  16  1:31  Extractor  
  17  1:41  Drone  
  19  1:53  Overlord  
  19  2:03  Drone  
  19  2:08  Queen  
  20  2:10  Queen  
  20  2:12  Zergling x2  
  25  2:17  Zergling x2, Baneling Nest  
  25  2:20  Zergling x2  
  26  2:24  Zergling x2  
  27  2:35  Zergling x4  
  29  2:43  Drone  
  30  2:51  Drone x2  
  30  2:56  Spore Crawler  
  31  3:10  Drone x3, Spore Crawler  
  33  3:13  Drone  
  34  3:23  Baneling x5  
  34  3:24  Baneling, Overlord, Extractor  
  33  3:33  Drone x2  
  35  3:47  Zergling x6  
  35  3:48  Zergling x4  
  35  4:01  Drone  
  35  4:02  Drone x2  
  38  4:06  Lair  
  38  4:08  Drone x2  
  39  4:21  Drone x2  
  41  4:29  Drone x2  
  43  4:35  Extractor, Queen  
  43  4:36  Extractor  
  40  4:49  Drone x3  
  43  5:03  Overlord x2  
  43  5:05  Overlord x3  
  43  5:15  Hydralisk Den  
  43  5:16  Evolution Chamber  
  43  5:18  Evolution Chamber  
  40  5:21  Drone x2  
  40  5:22  Drone x2  
  40  5:25  Overseer  
  40  5:26  Drone  
  45  5:33  Drone x2  
  47  5:42  Drone x3  
  50  5:50  Muscular Augments  
  50  5:54  Zerg Missile Weapons Level 1  
  50  5:55  Drone  
  51  5:58  Drone  
  51  5:59  Drone  
  51  6:04  Drone x2  
  55  6:05  Drone  
  56  6:16  Hydralisk  
  56  6:17  Hydralisk  
  60  6:26  Hatchery  
  59  6:38  Infestation Pit  
  58  6:42  Hydralisk x3  
  58  6:43  Hydralisk  
  66  6:53  Extractor  
  66  6:54  Zerg Ground Armor Level 1  
  65  6:56  Extractor  
  64  7:02  Grooved Spines  
  64  7:06  Evolution Chamber  
  63  7:17  Drone x5  
  63  7:18  Drone x4  
  72  7:30  Overlord x5  
  72  7:34  Hive  
  72  7:38  Queen  
  74  7:55  Hydralisk x4  
  74  7:56  Hydralisk x2  
  85  8:08  Zergling x10  
  85  8:09  Zergling x2  
  91  8:20  Zergling x6  
  91  8:23  Zergling x4  
  94  8:36  Metabolic Boost  
  94  8:51  Infestor x2  
  98  9:00  Zergling x4  
  98  9:01  Zergling x14  
  98  9:02  Zergling x2  
  108  9:03  Centrifical Hooks  
  108  9:05  Drone  
  106  9:20  Hydralisk x3  
  106  9:23  Hydralisk x2  
  106  9:24  Hydralisk  
  108  9:30  Baneling x4  
  108  9:31  Baneling x6  
  114  9:33  Overlord  
  114  9:34  Overlord x3  
  114  9:37  Hydralisk x2  
  108  9:49  Zergling x6  
  106  9:56  Zergling x10  
  83  10:07  Zergling x2  
  82  10:15  Baneling x5  
  82  10:16  Baneling  
  82  10:28  Lurker Den, Zerg Ground Armor Level 2  
  79  10:29  Zerg Missile Weapons Level 2  
  79  10:33  Zerg Melee Weapons Level 1  
  79  10:36  Baneling x5  
  79  10:37  Baneling x5  
  79  10:38  Drone  
  79  10:39  Drone x4  
  79  10:41  Drone x2  
  79  10:42  Drone x4  
  90  10:43  Overseer  
  80  11:00  Zergling x4  
  80  11:01  Zergling x10  
  84  11:06  Zergling x2  
  83  11:16  Hydralisk x3  
  87  11:21  Spore Crawler  
  86  11:26  Hydralisk x2  
  86  11:27  Hydralisk x3  
  96  11:33  Infestor  
  98  11:51  Lurker x2  
  98  11:52  Hydralisk  
  98  11:53  Hydralisk x7  
  116  12:06  Hydralisk x4  
  116  12:07  Hydralisk  
  116  12:08  Hatchery, Lurker x2  
  125  12:09  Lurker x6  
  125  12:12  Extractor  
  132  12:18  Extractor  
  132  12:19  Baneling x4  
  132  12:20  Baneling x5  
  132  12:21  Baneling  
  131  12:23  Zergling x12  
  117  13:15  Hydralisk x6  
  117  13:16  Hydralisk x3  
  96  13:35  Hydralisk x5  
  93  13:49  Hydralisk x4  
  93  13:50  Hydralisk x4  
  109  14:19  Zergling x8  
  109  14:20  Zergling x18  
  122  14:30  Zergling x6  
  122  14:31  Zergling x4  
  127  14:36  Zergling x4  
  129  14:44  Zergling x8  
  133  14:50  Zerg Missile Weapons Level 3  
  133  14:52  Zerg Ground Armor Level 3  
  133  15:00  Zerg Melee Weapons Level 2  
  133  15:19  Baneling x2  
  133  15:20  Baneling x7  
  133  15:21  Baneling x7  
  133  15:22  Baneling x3  
  133  15:24  Overlord x6  
  133  15:25  Overlord  
  133  15:41  Baneling x5  
  133  15:42  Baneling x8  
  133  15:43  Baneling x7  
  133  15:44  Baneling x7  
  133  15:45  Baneling x2  
  76  16:13  Zergling x14  
  76  16:14  Zergling x14  
  76  16:15  Zergling x2  
  80  16:37  Baneling x5  
  80  16:38  Baneling x7  
  80  16:39  Baneling x7  
  80  16:40  Baneling x6  
  80  16:41  Baneling x5  
  80  16:49  Zergling x4  
  80  16:50  Zergling x6  
  65  17:07  Zergling x12  
  65  17:08  Zergling x8  
  65  17:15  Zergling x2  
  65  17:22  Zergling x2  
  65  17:23  Zergling x4  
  60  17:35  Baneling x2  
  60  17:36  Baneling x7  
  60  17:37  Baneling  
  60  17:40  Zergling x10  
  60  17:43  Baneling  
  60  17:44  Baneling  
  24  18:23  Spore Crawler  
  24  18:25  Spore Crawler  
  20  18:28  Spore Crawler  
Tags
 
Add a new tag
Caveats
  • Supply blocks, unpowered buildings, or Contaminate may cause inaccurate times.
  • Supply counts are checked every 10 seconds.